 Dungeon Crawl Stone Soup version 0.25-b1-46-gb8a1ec05df (console) character file.

Game seed: 17202188885576925783

16723 Kagalorn the Thaumaturge (level 12, -2/91 HPs)
             Began as a Gnoll Air Elementalist on June 9, 2020.
             Was the Champion of Cheibriados.
             Slain by an earth elemental (32 damage)
             ... in a volcano.
             The game lasted 00:47:45 (17295 turns).

Kagalorn the Thaumaturge (Gnoll Air Elementalist)  Turns: 17295, Time: 00:47:46

Health: -2/91      AC:  5    Str: 31    XL:     12   Next: 40%
Magic:  3/24       EV: 29    Int: 37    God:    Cheibriados [******]
Gold:   766        SH:  7    Dex: 27    Spells: 21/28 levels left

rFire    + + +     SeeInvis .   a - +2 spear (vorpal)
rCold    + + .     Gourm    .   w - +0 buckler
rNeg     + . .     Faith    +   k - +0 leather armour of the Vaults {rF+++ rN+ Str+5 Slay-4} (curse)
rPois    .         Spirit   .   (no helmet)
rElec    +         Reflect  .   W - +0 cloak of Restlessness {rElec rC++ Dex-4}
rCorr    .         Harm     .   (no gloves)
MR       .....                  (no boots)
Stlth    ++++......             V - amulet of faith
HPRegen  0.25/turn              x - +4 ring of evasion
MPRegen  0.19/turn              T - +4 ring of evasion

@: very slow
A: distributed training, fangs 1, strong nose
a: Bend Time, Temporal Distortion, Slouch, Step From Time, Renounce Religion


You were in a volcano.
You worshipped Cheibriados.
Cheibriados was exalted by your worship.
You were not hungry.

You visited 3 branches of the dungeon, and saw 14 of its levels.
You also visited: Sewer and Volcano.

You collected 766 gold pieces.

Inventory:

Hand Weapons
 a - a +2 vorpal spear (weapon)
 b - a +2 dagger of venom
 p - the +7 quarterstaff "Novedgh" {drain, +Rage rElec, unknown}
   (You found it on level 12 of the Dungeon)

   A truly terrible weapon, it drains the life of those it strikes.
   It insulates you from electricity.
   It lets you go berserk.
Missiles
 e - 122 poisoned darts
 h - 4 javelins
 s - 292 stones
 u - 55 bolts
 D - 35 sling bullets
 I - 4 throwing nets (quivered)
 K - 9 curare-tipped darts
Armour
 k - the cursed +0 leather armour of the Vaults (worn) {rF+++ rN+ Str+5 Slay-4}
   (You took it off a kobold on level 7 of the Dungeon)

   It affects your strength (+5).
   It affects your accuracy and damage with ranged weapons and melee attacks
   (-4).
   It renders you almost immune to fire.
   It protects you from negative energy.
   It has a curse placed upon it.
 w - a +0 buckler (worn)
 F - +0 steam dragon scales
 J - a +3 scale mail of magic resistance
 W - the +0 cloak of Restlessness (worn) {rElec rC++ Dex-4}
   (You found it on level 1 of the Lair of Beasts)

   It affects your dexterity (-4).
   It greatly protects you from cold.
   It insulates you from electricity.
Jewellery
 x - a +4 ring of evasion (left hand)
 T - a +4 ring of evasion (right hand)
 U - an uncursed ring of resist corrosion
 V - an amulet of faith (around neck)
Wands
 m - a wand of acid (9)
 z - a wand of flame (25)
 B - a wand of enslavement (7)
 N - a wand of polymorph (6)
 O - a wand of paralysis (14)
Scrolls
 g - 2 scrolls of amnesia
 i - 4 scrolls of enchant armour
 l - a scroll of blinking {unknown}
 n - a scroll of noise {unknown}
 o - 2 scrolls of fear
 q - 2 scrolls of random uselessness {unknown}
 t - 2 scrolls of fog
 y - a scroll of magic mapping
 A - 11 scrolls of teleportation
 C - 4 scrolls of remove curse
 Q - 2 scrolls of acquirement {unknown}
Potions
 d - 2 potions of cancellation {unknown}
 f - 3 potions of curing
 j - 2 potions of mutation
 r - 3 potions of flight
 E - 2 potions of magic
 G - 2 potions of ambrosia
 H - a potion of might {unknown}
 L - a potion of stabbing {unknown}
 M - 3 potions of invisibility
 P - 3 potions of heal wounds
 S - a potion of lignification {unknown}
Comestibles
 c - 23 rations


   Skills:
 + Level 7.1 Fighting
 + Level 7.1 Short Blades
 + Level 7.1 Long Blades
 + Level 7.1 Axes
 + Level 7.1 Maces & Flails
 + Level 7.1 Polearms
 + Level 7.1 Staves
 + Level 7.1 Slings
 + Level 7.1 Bows
 + Level 7.1 Crossbows
 + Level 7.1 Throwing
 + Level 7.1 Armour
 + Level 8.5 Dodging
 + Level 8.3 Stealth
 + Level 7.1 Shields
 + Level 7.1 Unarmed Combat
 + Level 8.8 Spellcasting
 + Level 6.3 Conjurations
 + Level 5.9 Hexes
 + Level 5.9 Charms
 + Level 5.9 Summonings
 + Level 5.9 Necromancy
 + Level 5.9 Translocations
 + Level 5.9 Transmutations
 + Level 5.9 Fire Magic
 + Level 5.9 Ice Magic
 + Level 8.1 Air Magic
 + Level 5.9 Earth Magic
 + Level 5.9 Poison Magic
 + Level 7.8 Invocations
 + Level 7.1 Evocations


You had 21 spell levels left.
You knew the following spells:

 Your Spells              Type           Power        Failure   Level  Hunger
a - Shock                 Conj/Air       ####         1%          1    None
b - Airstrike             Air            ######....   1%          4    None
g - Blink                 Tloc           N/A          1%          2    None

Your spell library contained the following spells:

 Spells                   Type           Power        Failure   Level  Hunger
 Corona                   Hex            ######.      1%          1    None
 Magic Dart               Conj           ####         1%          1    None
 Call Imp                 Summ           ######..     1%          2    None
 Searing Ray              Conj           ######       1%          2    None
 Slow                     Hex            ######..     1%          2    None
 Swiftness                Chrm/Air       ######..     1%          2    None
 Conjure Flame            Conj/Fire      ######..     1%          3    None
 Dazzling Flash           Conj/Hex       ######       1%          3    None
 Inner Flame              Hex/Fire       ######..     1%          3    None
 Mephitic Cloud           Conj/Pois/Air  ######..     1%          3    None
 Portal Projectile        Hex/Tloc       ######       1%          3    None
 Static Discharge         Conj/Air       ######..     1%          3    None
 Fulminant Prism          Conj/Hex       ######....   1%          4    None
 Iskenderun's Mystic Bla  Conj/Tloc      ######..     1%          4    None
 Cause Fear               Hex            ######....   2%          4    None
 Leda's Liquefaction      Hex/Erth       ######....   2%          4    None
 Lightning Bolt           Conj/Air       ######....   3%          5    ###....


Dungeon Overview and Level Annotations

Branches:
Dungeon (12/15)            Temple (1/1) D:6            Lair (1/6) D:11
    Orc (0/2) D:9           Sewer (visited)         Volcano (1/1)

Altars:
Ashenzari
Cheibriados
Dithmenos
Elyvilon
Fedhas
Gozag
Hepliaklqana
Kikubaaqudgha
Makhleb
Nemelex Xobeh
Okawaru
Qazlal
Ru
Sif Muna
Trog
Uskayaw
Vehumet
Wu Jian
Xom
Yredelemnul
Zin
The Shining One

Shops:
D:6 :

Portals:
Trove: D:12 (give 5 potions of resistance)

Annotations:
D:8 2 transporters, Zing's ghost, novice TrBe


Innate Abilities, Weirdness & Mutations

Your experience applies equally to all skills.
You have very sharp teeth.
Your uncanny sense of smell can sniff out nearby items.


Message History

The molten gargoyle is almost destroyed.
The earth elemental hits you!
You hit the molten gargoyle but do no damage.
Your bite misses the molten gargoyle.
The molten gargoyle is almost destroyed.
You block the molten gargoyle's attack.
You hit the molten gargoyle but do no damage.
The molten gargoyle is almost destroyed.
The earth elemental misses you. The molten gargoyle closely misses you.
You hit the molten gargoyle.
You destroy the molten gargoyle!
Cheibriados thoroughly appreciates the change of pace.
Press: ? - help, v - describe, . - travel
Here: an earth elemental The floor.
Unknown command.
You hit the earth elemental but do no damage.
You bite the earth elemental, but do no damage.
The earth elemental hits you!!
You die...

##..## ##≈...##
#§§....#
#≈§.∩..' #
#≈≈.... ###≈##
#≈≈...##≈§§§≈##
#≈≈...##≈≈≈≈≈☼.
#§§.∩E.§.≈≈≈.☼#
#§≈.@).#..≈..##
##≈...###.).##
###.## #.## #.#
.# ### #


You could see an earth elemental.

Vanquished Creatures
  Harold (D:7)
  A hydra (D:12)
  A two-headed ogre (D:11)
  Sonja (D:11)
  Nergalle (D:10)
  2 ugly things
  A manticore (D:11)
  Joseph (D:7)
  A molten gargoyle (Volcano)
  Maurice (D:9)
  2 efreet (Volcano)
  Maggie (D:7)
  A komodo dragon (D:11)
  2 trolls
  2 hippogriffs
  A shadow (D:12)
  14 yaks
  A vampire (D:11)
  A basilisk (D:12)
  A hungry ghost (D:9)
  A two-headed ogre zombie (D:9)
  3 porcupines
  3 sky beasts
  2 orc warriors (D:8)
  4 phantoms
  An ice beast (D:7)
  3 black bears
  3 ogres
  9 centaurs
  A crocodile (D:11)
  8 big kobolds
  4 bullfrogs
  A wyvern zombie (D:10)
  2 gnoll sergeants
  8 scorpions
  A wyvern skeleton (D:8)
  A troll zombie (D:9)
  9 wights
  5 killer bees (D:10)
  4 electric eels
  3 howler monkeys
  7 crimson imps
  2 bullfrog zombies
  2 centaur zombies
  A jelly (D:7)
  4 orc priests
  A bullfrog skeleton (D:8)
  7 hounds
  4 orc wizards
  2 centaur skeletons
  2 iguanas
  7 worker ants
  6 ogre zombies (D:9)
  A hound zombie (D:5)
  2 hound skeletons
  A howler monkey zombie (D:7)
  A worker ant zombie (D:10)
  15 adders
  13 gnolls
  4 shadow imps
  3 oozes (Sewer)
  2 adder skeletons
  9 worms
  2 dart slugs
  8 leopard geckos
  33 orcs
  19 bats
  12 giant cockroaches
  7 goblins
  10 hobgoblins
  15 jackals
  2 quokkas
  9 ball pythons
  7 frilled lizards
  A goblin zombie (D:9)
  4 hobgoblin skeletons (D:9)
  2 hobgoblin zombies (D:9)
  43 kobolds
  A leopard gecko skeleton (D:5)
  4 orc skeletons (D:9)
  14 orc zombies (D:9)
  A quokka zombie (D:7)
  6 rats
409 creatures vanquished.

Vanquished Creatures (others)
  3 howler monkeys (D:9)
  36 fungi (D:11)
  12 plants (D:11)
51 creatures vanquished.

Grand Total: 460 creatures vanquished

Notes
Turn   | Place    | Note
-------+----------+-------------------------------------------
     0 | D:1      | Kagalorn the Gnoll Air Elementalist began the quest for the
                  | Orb.
     0 | D:1      | Reached XP level 1. HP: 13/13 MP: 6/6
   126 | D:1      | Reached XP level 2. HP: 19/19 MP: 4/7
   418 | D:1      | Reached XP level 3. HP: 25/25 MP: 6/9
   601 | D:1      | Reached skill level 5 in Spellcasting
  1051 | D:2      | Reached skill level 1 in Invocations
  1097 | D:2      | Reached skill level 1 in Fighting
  1097 | D:2      | Reached skill level 1 in Short Blades
  1097 | D:2      | Reached skill level 1 in Long Blades
  1097 | D:2      | Reached skill level 1 in Axes
  1097 | D:2      | Reached skill level 1 in Maces & Flails
  1097 | D:2      | Reached skill level 1 in Polearms
  1097 | D:2      | Reached skill level 1 in Staves
  1097 | D:2      | Reached skill level 1 in Slings
  1097 | D:2      | Reached skill level 1 in Bows
  1097 | D:2      | Reached skill level 1 in Crossbows
  1097 | D:2      | Reached skill level 1 in Throwing
  1097 | D:2      | Reached skill level 1 in Armour
  1097 | D:2      | Reached skill level 1 in Shields
  1097 | D:2      | Reached skill level 1 in Unarmed Combat
  1097 | D:2      | Reached skill level 1 in Evocations
  1229 | D:2      | Reached XP level 4. HP: 31/32 MP: 11/11
  1867 | D:2      | Learned a level 4 spell: Airstrike
  1928 | D:3      | Noticed a sky beast
  1938 | D:3      | Killed a sky beast
  1938 | D:3      | Reached skill level 1 in Hexes
  1938 | D:3      | Reached skill level 1 in Charms
  1938 | D:3      | Reached skill level 1 in Summonings
  1938 | D:3      | Reached skill level 1 in Necromancy
  1938 | D:3      | Reached skill level 1 in Translocations
  1938 | D:3      | Reached skill level 1 in Transmutations
  1938 | D:3      | Reached skill level 1 in Fire Magic
  1938 | D:3      | Reached skill level 1 in Ice Magic
  1938 | D:3      | Reached skill level 1 in Earth Magic
  1938 | D:3      | Reached skill level 1 in Poison Magic
  1938 | D:3      | Reached XP level 5. HP: 37/37 MP: 4/12
  2042 | D:3      | Reached XP level 6. HP: 14/44 MP: 5/13
  2333 | D:3      | Noticed a hippogriff
  2479 | D:3      | Killed a hippogriff
  2479 | D:3      | Reached skill level 5 in Dodging
  2732 | D:3      | Reached XP level 7. HP: 50/50 MP: 8/15
  4078 | D:5      | Entered Level 5 of the Dungeon
  4137 | D:5      | Reached skill level 5 in Stealth
  4524 | D:5      | Reached XP level 8. HP: 57/57 MP: 7/16
  5145 | D:6      | Found Onnem's Book Shoppe.
  5232 | D:6      | Found a glowing drain.
  5252 | Sewer    | Entered a sewer
  6079 | D:6      | Found a basalt altar of Yredelemnul.
  6411 | D:6      | Found a staircase to the Ecumenical Temple.
  6658 | Temple   | Entered the Ecumenical Temple
  6748 | Temple   | Became a worshipper of Cheibriados the Contemplative
  6988 | D:7      | Noticed Harold
  7466 | D:7      | Identified the cursed +0 leather armour of the Vaults
                  | {rF+++ rN+ Str+5 Slay-4}
  7472 | D:7      | Reached * piety under Cheibriados
  7605 | D:7      | Noticed a cyan ugly thing
  7617 | D:7      | Noticed Maggie
  7632 | D:7      | Killed Maggie
  7632 | D:7      | Reached XP level 9. HP: 65/65 MP: 2/18
  7857 | D:7      | Killed Harold
  7884 | D:7      | HP: 3/66 [cyan ugly thing (13)]
  8236 | D:7      | Killed a cyan ugly thing
  8236 | D:7      | Reached skill level 5 in Invocations
  8430 | D:7      | Reached XP level 10. HP: 73/73 MP: 16/20
  8795 | D:7      | Noticed Joseph
  8819 | D:7      | Killed Joseph
  9059 | D:8      | Noticed Zing's ghost (novice TrBe)
  9073 | D:7      | Reached ** piety under Cheibriados
  9135 | D:8      | Noticed a cyclops
  9137 | D:8      | Found a bloodstained altar of Trog.
  9169 | D:8      | Reached skill level 5 in Fighting
  9169 | D:8      | Reached skill level 5 in Short Blades
  9169 | D:8      | Reached skill level 5 in Long Blades
  9169 | D:8      | Reached skill level 5 in Axes
  9169 | D:8      | Reached skill level 5 in Maces & Flails
  9169 | D:8      | Reached skill level 5 in Polearms
  9169 | D:8      | Reached skill level 5 in Staves
  9169 | D:8      | Reached skill level 5 in Slings
  9169 | D:8      | Reached skill level 5 in Bows
  9169 | D:8      | Reached skill level 5 in Crossbows
  9169 | D:8      | Reached skill level 5 in Throwing
  9169 | D:8      | Reached skill level 5 in Armour
  9169 | D:8      | Reached skill level 5 in Shields
  9169 | D:8      | Reached skill level 5 in Unarmed Combat
  9169 | D:8      | Reached skill level 5 in Evocations
  9275 | D:8      | Noticed a moth of wrath
  9369 | D:8      | Found a transporter.
  9375 | D:8      | Found a transporter.
 10072 | D:8      | Reached *** piety under Cheibriados
 10681 | D:9      | Found a staircase to the Orcish Mines.
 10827 | D:9      | Reached skill level 5 in Conjurations
 10929 | D:9      | Reached **** piety under Cheibriados
 11248 | D:9      | Noticed Maurice
 11253 | D:9      | Killed Maurice
 12053 | D:10     | Entered Level 10 of the Dungeon
 12121 | D:10     | Reached XP level 11. HP: 81/81 MP: 20/22
 12217 | D:10     | Reached ***** piety under Cheibriados
 12511 | D:10     | Noticed Nergalle
 12520 | D:10     | Killed Nergalle
 12858 | D:9      | Reached skill level 5 in Hexes
 12858 | D:9      | Reached skill level 5 in Charms
 12858 | D:9      | Reached skill level 5 in Summonings
 12858 | D:9      | Reached skill level 5 in Necromancy
 12858 | D:9      | Reached skill level 5 in Translocations
 12858 | D:9      | Reached skill level 5 in Transmutations
 12858 | D:9      | Reached skill level 5 in Fire Magic
 12858 | D:9      | Reached skill level 5 in Ice Magic
 12858 | D:9      | Reached skill level 5 in Earth Magic
 12858 | D:9      | Reached skill level 5 in Poison Magic
 13941 | D:11     | Noticed a red ugly thing
 13951 | D:11     | Killed a red ugly thing
 14490 | D:11     | Found a staircase to the Lair.
 14655 | D:11     | Noticed Sonja
 14658 | D:11     | Killed Sonja
 14658 | D:11     | Reached ****** piety under Cheibriados
 14784 | D:11     | Noticed a manticore
 14788 | D:11     | Killed a manticore
 15293 | D:11     | Noticed a two-headed ogre
 15298 | D:11     | Killed a two-headed ogre
 15298 | D:11     | Reached XP level 12. HP: 89/89 MP: 9/24
 16222 | D:12     | Noticed a five-headed hydra
 16233 | D:12     | Killed a five-headed hydra
 16356 | D:12     | Learned a level 2 spell: Blink
 16549 | D:12     | Found a portal to a secret trove of treasure.
 16597 | D:12     | Got a twisted quarterstaff
 17158 | Lair:1   | Entered Level 1 of the Lair of Beasts
 17166 | Lair:1   | Got a faintly humming cloak
 17177 | Lair:1   | Identified the +0 cloak of Restlessness {rElec rC++ Dex-4}
                  | (You found it on level 1 of the Lair of Beasts)
 17226 | Lair:1   | Found a dark tunnel.
 17246 | Volcano  | Entered a volcano
 17295 | Volcano  | Slain by an earth elemental

Illustrated notes

Levels and vault maps discovered:
D:1:      onia_arrival_mini_spirals, layout_basic
D:2:      kb_forest_paths, layout_basic
D:3:      layout_loops_ring, skrybe_limestone_x, kennysheep_nondescript
D:4:      layout_basic
D:5:      minmay_spotlight, layout_gridville, first_ration
D:6:      layout_loops_ring, yredelemnul_altar_generic,
          minmay_temple_entry_statues, serial_shops, shop, portal_sewer_entry_d,
          nrook_uturn, kennysheep_donut, kennysheep_generic_room_3
D:7:      hangedman_cross_stitches, layout_basic, grunt_ogre_cave, minivault_27,
          uniq_harold, uniq_maggie, uniq_joseph
D:8:      layout_cave_pools, gammafunk_ghost_wrathful_warriors,
          hangedman_decor_peaks_small, serial_bayou_ford_a
D:9:      layout_basic, zombieorc2_lemuel, serial_glass, glass_columns_b,
          glass_columns_b, glass_columns_c, glass_columns_a, minivault_25,
          lemuel_flamethrower_hall, uniq_maurice
D:10:     layout_irregular_city, uniq_nergalle
D:11:     layout_basic, due_lair_maze_entry_diamond,
          chequers_serial_rivers_micro_d, kennysheep_nub, minmay_crystal_water,
          uniq_sonja
D:12:     layout_basic, nicolae_trove_entry_crossroad
Temple:   compressed_dpeg_circular_temple
Lair:1:   layout_cave_pods, nicolae_volcano_entry_hallway
Volcano:  volcano_aerie

Skill      XL: |  1  2  3  4  5  6  7  8  9 10 11 12 |
---------------+-------------------------------------+-----
Conjurations   | 2 3 4 5 6 |  6.3
Spellcasting   | 5 6 7 8 |  8.8
Invocations    | 1 2 3 4 5 6 7 |  7.8
Fighting       | 1 2 3 4 5 6 7 |  7.1
Short Blades   | 1 2 3 4 5 6 7 |  7.1
Long Blades    | 1 2 3 4 5 6 7 |  7.1
Axes           | 1 2 3 4 5 6 7 |  7.1
Maces & Flails | 1 2 3 4 5 6 7 |  7.1
Polearms       | 1 2 3 4 5 6 7 |  7.1
Staves         | 1 2 3 4 5 6 7 |  7.1
Slings         | 1 2 3 4 5 6 7 |  7.1
Bows           | 1 2 3 4 5 6 7 |  7.1
Crossbows      | 1 2 3 4 5 6 7 |  7.1
Throwing       | 1 2 3 4 5 6 7 |  7.1
Armour         | 1 2 3 4 5 6 7 |  7.1
Shields        | 1 2 3 4 5 6 7 |  7.1
Unarmed Combat | 1 2 3 4 5 6 7 |  7.1
Evocations     | 1 2 3 4 5 6 7 |  7.1
Hexes          | 1 2 3 4 5 |  5.9
Charms         | 1 2 3 4 5 |  5.9
Summonings     | 1 2 3 4 5 |  5.9
Necromancy     | 1 2 3 4 5 |  5.9
Translocations | 1 2 3 4 5 |  5.9
Transmutations | 1 2 3 4 5 |  5.9
Fire Magic     | 1 2 3 4 5 |  5.9
Ice Magic      | 1 2 3 4 5 |  5.9
Earth Magic    | 1 2 3 4 5 |  5.9
Poison Magic   | 1 2 3 4 5 |  5.9
Dodging        | 5 6 7 8 |  8.5
Stealth        | 5 6 7 8 |  8.3
Air Magic      | 6 7 8 |  8.1

Action                   |  1- 3 |  4- 6 |  7- 9 | 10-12 || total
-------------------------+-------+-------+-------+-------++-------
Melee: Unarmed           |     6 |       |       |       ||     6
       Short sword       |    21 |    39 |   131 |       ||   191
       Bite              |     2 |     3 |    18 |   121 ||   144
       Punch             |     1 |       |       |       ||     1
       Spear             |       |       |    66 |   250 ||   316
       Dagger            |       |       |       |   221 ||   221
Throw: Dart              |       |       |    21 |       ||    21
       Throwing net      |       |       |     1 |       ||     1
 Cast: Shock             |    48 |    49 |   174 |   320 ||   591
       Airstrike         |       |     4 |    28 |   116 ||   148
Evoke: Wand              |       |       |       |     1 ||     1
  Use: Scroll            |       |       |    13 |     8 ||    21
       Potion            |       |       |     1 |       ||     1
 Stab: Sleeping          |     2 |     7 |     6 |     3 ||    18
       Distracted        |       |       |       |     1 ||     1
  Eat: Chunk             |     1 |     5 |    13 |    10 ||    29
       Ration            |       |       |     2 |     2 ||     4
Armor: Robe              |     7 |     4 |     9 |       ||    20
       Leather armour    |       |       |     5 |     1 ||     6
       Steam dragon scal |       |       |     2 |    24 ||    26
       Scale mail        |       |       |       |    51 ||    51
Dodge: Dodged            |    21 |    33 |   219 |   541 ||   814
Block: Buckler           |       |       |    64 |   206 ||   270
